 Dungeon Crawl Stone Soup version 0.29-a0-82-g837932c90e (webtiles) character file.

Game seed: 11879910802159981160

89555 lordive the Covert (level 15, -4/134 HPs)
             Began as a Naga Ice Elementalist on Feb 4, 2022.
             Was the Champion of Cheibriados.
             Slain by an orc warrior (16 damage)
             ... on level 2 of the Orcish Mines.
             The game lasted 01:03:30 (29477 turns).

lordive the Covert (Naga Ice Elementalist)         Turns: 29477, Time: 01:03:31

Health: -4/134     AC: 20    Str: 25    XL:     15   Next: 97%
Magic:  25/28      EV: 12    Int: 38    God:    Cheibriados [******]
Gold:   2159       SH:  0    Dex: 27    Spells: 6/32 levels left

rFire   + . .      SeeInvis +   C - +8 quarterstaff of Compulsion {vorpal, rElec}
rCold   . . .      Faith    .   (shield currently unavailable)
rNeg    . . .      Spirit   .   L - +2 leather armour {Will+}
rPois   +          Reflect  .   U - +2 hat {Stlth+}
rElec   +          Harm     .   A - +1 cloak {Stlth+}
rCorr   .          Rampage  .   W - +0 pair of gloves
Will    +++..                   g - +0 barding
Stlth   +++++++...              y - amulet of magic regeneration
HPRegen 0.32/turn               n - ring of willpower
MPRegen 0.61/turn               Y - ring of protection from fire

@: very slightly contaminated, very slow
A: AC +5, large, see invisible, deformed body, poison resistance, slowness 2,
spit poison 1, naga tail 2
a: Spit Poison, Renounce Religion, Bend Time, Temporal Distortion, Slouch, Step
From Time


You were on level 2 of the Orcish Mines.
You worshipped Cheibriados.
Cheibriados was exalted by your worship.
You visited 4 branches of the dungeon, and saw 21 of its levels.
You also visited: Ossuary.

You collected 2159 gold pieces.

Inventory:

Hand Weapons
 C - the +8 quarterstaff of Compulsion (weapon) {vorpal, rElec}
   (You found it on level 4 of the Dungeon)

   It inflicts extra damage upon your enemies.
   rElec:     It insulates you from electricity.
Missiles
 o - 5 curare-tipped darts
Armour
 g - a +0 barding (worn)
 A - a +1 cloak of stealth (worn)
 L - a +2 leather armour of willpower (worn)
 N - a +1 robe of fire resistance
 U - a +2 hat of stealth (worn)
 W - a +0 pair of gloves (worn)
 Z - a +2 robe of positive energy
Jewellery
 e - a ring of positive energy
 n - a ring of willpower (left hand)
 y - an amulet of magic regeneration (around neck)
 B - an amulet of reflection
 K - a ring of ice
 R - a ring of ice
 Y - a ring of protection from fire (right hand)
Wands
 m - a wand of acid (14)
 s - a wand of paralysis (7)
 t - a wand of polymorph (17)
 P - a wand of digging (11)
 Q - a wand of charming (8)
 V - a wand of flame (17)
Scrolls
 f - 14 scrolls of teleportation
 k - 6 scrolls of fog
 l - 5 scrolls of blinking
 p - a scroll of summoning
 u - 5 scrolls of enchant weapon
 v - 7 scrolls of immolation {unknown}
 x - 5 scrolls of magic mapping {unknown}
 z - 3 scrolls of amnesia {unknown}
 E - 3 scrolls of fear {unknown}
 F - a scroll of torment {unknown}
 G - 7 scrolls of holy word {unknown}
 M - 6 scrolls of vulnerability {unknown}
Potions
 b - 6 potions of curing
 c - a potion of invisibility
 d - 3 potions of ambrosia
 h - 5 potions of attraction
 i - a potion of resistance
 j - 2 potions of heal wounds
 q - a potion of brilliance
 r - 3 potions of cancellation
 w - 5 potions of berserk rage
 D - a potion of magic
 H - 3 potions of lignification
 O - 2 potions of might


   Skills:
 * Level 8.8 Fighting
 * Level 3.9 Long Blades
 - Level 7.8 Staves
 * Level 7.4 Armour
 * Level 5.9 Dodging
 + Level 11.5 Stealth
 + Level 6.5 Shields
 + Level 9.1 Spellcasting
 - Level 8.8 Conjurations
 * Level 3.8 Summonings
 * Level 3.7 Translocations
 * Level 4.0 Transmutations
 - Level 8.6 Ice Magic
 + Level 5.4 Air Magic
 + Level 2.0 Poison Magic
 * Level 8.9 Invocations
 + Level 5.4 Evocations


You had 6 spell levels left.
You knew the following spells:

 Your Spells              Type           Power      Damage    Failure   Level
a - Freeze                Ice            100%       1d11      1%          1
b - Frozen Ramparts       Ice            100%       1d12      1%          3
c - Ozocubu's Armour      Ice            70%        N/A       1%          3
d - Hailstorm             Conj/Ice       70%        3d15      1%          4
e - Lightning Bolt        Conj/Air       32%        1d49      3%          5
f - Irradiate             Conj/Tmut      30%        3d23      4%          5
g - Manifold Assault      Tloc           46%        N/A       14%         5

Your spell library contained the following spells:

 Spells                   Type           Power      Damage    Failure   Level
 Apportation              Tloc           92%        N/A       1%          1
 Beastly Appendage        Tmut           96%        N/A       1%          1
 Foxfire                  Conj/Fire      100%       2x1d9     1%          1
 Magic Dart               Conj           100%       1d8       1%          1
 Shock                    Conj/Air       100%       1d9       1%          1
 Summon Small Mammal      Summ           100%       N/A       1%          1
 Blink                    Tloc           92%        N/A       1%          2
 Searing Ray              Conj           100%       2d8       1%          2
 Wereblood                Tmut           48%        N/A       1%          2
 Call Canine Familiar     Summ           46%        N/A       1%          3
 Conjure Flame            Conj/Fire      50%        6-21      1%          3
 Lesser Beckoning         Tloc           46%        N/A       1%          3
 Swiftness                Air            55%        N/A       1%          3
 Spider Form              Tmut/Pois      40%        N/A       2%          3
 Airstrike                Air            27%        N/A       2%          4
 Sublimation of Blood     Necr           17%        N/A       3%          2
 Summon Guardian Golem    Hex/Summ       31%        N/A       3%          3
 Summon Lightning Spire   Summ/Air       51%        N/A       3%          4
 Flame Wave               Conj/Fire      50%        2d10      4%          4
 Fulminant Prism          Conj/Hex       25%        3d14      4%          4
 Inner Flame              Hex/Fire       17%        N/A       8%          3
 Animate Armour           Summ/Erth      62%        N/A       11%         4
 Petrify                  Tmut/Erth      32%        N/A       11%         4
 Blade Hands              Tmut           24%        N/A       13%         5
 Summon Forest            Summ/Tloc      23%        N/A       14%         5
 Alistair's Intoxication  Tmut/Pois      26%        N/A       21%         5
 Animate Dead             Necr           8%         N/A       24%         4
 Summon Mana Viper        Hex/Summ       31%        N/A       30%         5
 Iron Shot                Conj/Erth      25%        9d5       52%         6
 Borgnjor's Vile Clutch   Necr/Erth      8%         N/A       56%         5
 Summon Cactus Giant      Summ           23%        N/A       61%         6
 Death Channel            Necr           8%         N/A       98%         6
 Summon Hydra             Summ           23%        N/A       99%         7


Dungeon Overview and Level Annotations

Branches:
Dungeon (12/15)            Temple (1/1) D:5            Lair (6/6) D:9
 Shoals (0/4) Lair:3       Spider (0/4) Lair:4          Orc (1/2) D:12
Ossuary (visited)
  Slime: Lair:5-6

Altars:
Ashenzari
Cheibriados
Dithmenos
Elyvilon
Fedhas
Gozag
Hepliaklqana
Kikubaaqudgha
Makhleb
Nemelex Xobeh
Okawaru
Qazlal
Ru
Sif Muna
Trog
Uskayaw
Vehumet
Wu Jian
Xom
Yredelemnul
Zin
The Shining One
Beogh

Annotations:
D:12 2 transporters, indyram44's ghost, journeyman DsFi
Lair:5 exclusion: 4 oklob plants


Innate Abilities, Weirdness & Mutations

Your serpentine skin is tough. (AC +5)
You have supernaturally acute eyesight. (SInv)
Armour fits poorly on your strangely shaped body.
Your system is resistant to poisons. (rPois)
You cover ground very slowly.
You can spit poison.
You can use your snake-like lower body to constrict enemies.


Message History

You erupt in a fountain of uncontrolled magic!
The orc warrior is blasted with magical radiation!!
The orc warrior is severely wounded.
The orc warrior twists and deforms.
The orc warrior is blasted with magical radiation!!!
You kill the orc warrior!
Cheibriados thoroughly appreciates the change of pace.
You are very lightly contaminated with residual magic.
The orc warrior shouts!
The orc warrior closely misses you.
Unknown command.
Unknown command.
Casting: Irradiate (dangerous; 4% risk of failure)
Confirm with . or Enter, or press ? or * to list all spells.
You erupt in a fountain of uncontrolled magic!
The orc warrior is blasted with magical radiation!!
You kill the orc warrior!
Cheibriados thoroughly appreciates the change of pace.
An orc warrior comes into view. It is wielding a +0 flail.
Unknown command.
Your icy armour will break if you move.
Continue? [Y]es or [N]o only, please.
Your icy armour will break if you move.
Continue?
Okay, then.
Your icy armour will break if you move.
Continue?
Your icy armour cracks and falls away as you move.
Things that are here:
a +0 dagger; a +0 robe; a +0 giant club An orc knight comes into view.
It is wielding a +0 great mace.
You flicker for a moment.
You flicker back into view.
The orc warrior hits you with a +0 battleaxe!
* * * LOW HITPOINT WARNING * * *
The orc warrior hits you but does no damage.
The orc warrior barely misses you.
Casting: Irradiate (dangerous; 4% risk of failure)
Confirm with . or Enter, or press ? or * to list all spells.
You miscast Ozocubu's Armour.
Nothing appears to happen.
The orc warrior hits you with a +0 battleaxe!
You die...

##########
#.#.#....#####
........^.##@## .
............o$# ..
...#..........#...
..................
..P......))).......
...........)....$...
.......)...........#
8.....)............#
.P....))).........#.


You could see an orc warrior.

Vanquished Creatures
  Gastronok (D:8)
  The ghost of Yfesy the Fighter, a journeyman DsBe of Trog (D:11)
  10 hydras
  Erolcha (D:11)
  A catoblepas (Lair:6)
  Erica (D:11)
  6 two-headed ogres
  A dancing weapon (D:7)
  23 death yaks
  A deep troll shaman (Lair:6)
  A tengu warrior (D:9)
  Urug (D:11)
  Sonja (Lair:5)
  The ghost of IdlyInterested the Unseen, a novice OpFi of Dithmenos (D:9)
  A deep elf pyromancer (D:12)
  The ghost of enile the Skirmisher, a novice DgWn (D:7)
  4 lindwurms (Lair:4)
  2 ugly things
  3 cyclopes
  An orc sorcerer (Orc:2)
  Joseph (D:9)
  2 manticores
  Maurice (D:12)
  23 elephants
  4 black mambas
  A torpor snail (Lair:3)
  A gargoyle (D:12)
  The ghost of dolemite99 the Cruncher, a novice MiCK of the Shining One (D:8)
  10 cane toads
  Psyche (D:12)
  4 komodo dragons
  5 rime drakes
  3 kobold demonologists
  The ghost of Cecur the Covert, a novice SpWr (D:6)
  2 trolls
  5 polar bears
  8 blink frogs
  A wind drake (Lair:3)
  6 slime creatures (D:12)
  2 dream sheep (Lair:3)
  A shadow (D:9)
  3 wraiths
  41 yaks
  2 basilisks
  5 humans (D:10)
  3 wyverns
  A steam dragon (D:6)
  Grum (D:9)
  5 vampire mosquitoes (D:12)
  Edmund (D:10)
  An acid dragon (D:9)
  15 water moccasins
  A meliai simulacrum (D:12)
  An ice beast (D:6)
  14 orc warriors
  7 black bears
  41 wolves
  3 ogres
  8 centaurs
  A phantom (D:6)
  11 kobold brigands
  Blork the orc (D:4)
  4 bullfrogs
  2 gnoll sergeants (D:9)
  A scorpion (D:3)
  A wyvern skeleton (D:7)
  A water moccasin skeleton (D:4)
  17 killer bees
  7 wights
  7 howler monkeys
  An electric eel (Lair:5)
  A spectral centaur (D:8)
  4 centaur zombies
  A bullfrog zombie (D:6)
  6 hounds
  8 orc priests
  A human zombie (Ossuary)
  2 centaur skeletons
  3 iguanas
  15 orc wizards
  3 hound skeletons
  5 mummies
  2 howler monkey zombies
  Robin (D:3)
  6 gnolls
  2 howler monkey skeletons (D:8)
  5 adders
  A shadow imp (D:6)
  A white imp (D:6)
  3 ufetubi
  An adder skeleton (D:4)
  A worm (D:2)
  A dart slug (D:3)
  34 orcs
  6 ball pythons
  6 bats
  10 endoplasms
  4 giant cockroaches (D:5)
  2 gnoll zombies (Ossuary)
  11 goblins
  18 hobgoblins
  8 jackals
  37 kobolds
  7 quokkas
  4 frilled lizards
  2 goblin zombies (D:4)
  2 hobgoblin zombies (Ossuary)
  A kobold zombie (Ossuary)
  4 rats
581 creatures vanquished.

Vanquished Creatures (others)
  A centaur zombie (D:9)
  63 fungi
  57 plants
  A withered plant (D:6)
122 creatures vanquished.

Grand Total: 703 creatures vanquished

Notes
Turn   | Place    | Note
-------+----------+-------------------------------------------
     0 | D:1      | lordive the Naga Ice Elementalist began the quest for the
                  | Orb.
     0 | D:1      | Reached XP level 1. HP: 15/15 MP: 3/3
   154 | D:1      | Reached XP level 2. HP: 16/22 MP: 5/5
   622 | D:1      | Reached XP level 3. HP: 28/28 MP: 6/6
   626 | D:1      | Learned a level 3 spell: Frozen Ramparts
   653 | D:1      | Reached skill level 1 in Conjurations
  1127 | D:1      | Found a faded altar of an unknown god.
  1693 | D:2      | Learned a level 3 spell: Ozocubu's Armour
  1763 | D:3      | Reached XP level 4. HP: 36/36 MP: 6/8
  1947 | D:3      | Noticed Robin
  1947 | D:3      | Noticed a scorpion
  1959 | D:3      | Killed Robin
  1974 | D:3      | Killed a scorpion
  1975 | D:3      | Reached XP level 5. HP: 18/42 MP: 0/10
  2150 | D:3      | Found a white marble altar of Elyvilon.
  2176 | D:3      | Reached skill level 5 in Ice Magic
  2755 | D:4      | Noticed Blork the orc
  2774 | D:4      | Killed Blork the orc
  2775 | D:4      | Reached XP level 6. HP: 35/49 MP: 6/11
  2788 | D:4      | Identified the +8 quarterstaff of Compulsion {vorpal,
                  | rElec}
  2943 | D:4      | Found a sand-covered staircase.
  2949 | Ossuary  | Entered an ossuary
  3052 | Ossuary  | Identified a scroll of acquirement
  3054 | Ossuary  | Acquired a staff of cold
  3348 | Ossuary  | Reached skill level 1 in Staves
  3348 | Ossuary  | Reached XP level 7. HP: 53/56 MP: 13/13
  3696 | D:5      | Entered Level 5 of the Dungeon
  3700 | D:5      | Reached skill level 1 in Fighting
  3801 | D:5      | Found a stormy altar of Qazlal.
  3824 | D:5      | Found a radiant altar of Vehumet.
  3824 | D:5      | Found a bloodstained altar of Trog.
  3824 | D:5      | Found a shadowy altar of Dithmenos.
  3846 | D:5      | Found a staircase to the Ecumenical Temple.
  3870 | D:5      | Reached skill level 1 in Shields
  3872 | Temple   | Entered the Ecumenical Temple
  4191 | Temple   | Became a worshipper of Cheibriados the Contemplative
  4318 | D:5      | Reached skill level 4 in Stealth
  4746 | D:5      | Reached XP level 8. HP: 59/67 MP: 14/14
  5249 | D:6      | Reached * piety under Cheibriados
  5454 | D:6      | Learned a level 4 spell: Hailstorm
  5478 | D:6      | Found a runed translucent door.
  5478 | D:6      | Noticed Cecur's ghost (novice SpWr)
  5568 | D:6      | Killed Cecur's ghost
  5569 | D:6      | Reached skill level 1 in Armour
  5569 | D:6      | Reached skill level 1 in Invocations
  6351 | D:7      | Reached XP level 9. HP: 58/74 MP: 11/16
  6423 | D:7      | Found a runed translucent door.
  6423 | D:7      | Found a shimmering altar of Xom.
  6423 | D:7      | Noticed a +0 mace of chaos
  6423 | D:7      | Noticed enile's ghost (novice DgWn)
  6452 | D:7      | Killed a +0 mace of chaos
  6456 | D:7      | Killed enile's ghost
  6457 | D:7      | Reached skill level 5 in Spellcasting
  7346 | D:7      | Reached skill level 5 in Conjurations
  7347 | D:7      | Reached ** piety under Cheibriados
  7686 | D:8      | Found a basalt altar of Yredelemnul.
  7686 | D:8      | You fall into a shaft and drop 2 floors!
  7686 | D:10     | Entered Level 10 of the Dungeon
  7686 | D:10     | Found a shimmering altar of Xom.
  7733 | D:9      | Noticed Grum
  7740 | D:9      | Reached XP level 10. HP: 49/85 MP: 14/18
  7740 | D:9      | Killed Grum
  7994 | D:9      | Reached skill level 5 in Stealth
  8002 | D:9      | Reached skill level 5 in Staves
  8296 | D:9      | Reached *** piety under Cheibriados
  8416 | D:9      | Noticed a white ugly thing
  8425 | D:9      | HP: 3/85 [white ugly thing (17)]
  8427 | D:9      | Killed a white ugly thing
  8775 | D:9      | Found a runed translucent gate.
  8775 | D:9      | Found a runed translucent gate.
  8775 | D:9      | Found a runed translucent gate.
  8775 | D:9      | Noticed a ten-headed hydra
  8775 | D:9      | Noticed IdlyInterested's ghost (novice OpFi)
  8805 | D:9      | Found a runed translucent door.
  8809 | D:9      | Noticed a cyclops
  9031 | D:9      | Noticed a death yak
  9032 | D:9      | Noticed a death yak
  9042 | D:9      | Noticed a death yak
  9042 | D:9      | Killed a death yak
  9044 | D:9      | Reached skill level 1 in Air Magic
  9044 | D:9      | Reached skill level 1 in Evocations
  9047 | D:9      | Killed a death yak
  9058 | D:9      | Killed a death yak
  9059 | D:9      | Reached skill level 6 in Stealth
  9059 | D:9      | Reached XP level 11. HP: 13/93 MP: 9/20
  9063 | D:9      | Reached **** piety under Cheibriados
  9428 | D:9      | Found a staircase to the Lair.
  9528 | D:9      | Noticed a tengu warrior
  9537 | D:9      | Killed a tengu warrior
  9538 | D:9      | Reached skill level 5 in Invocations
  9752 | D:9      | Reached skill level 5 in Fighting
  9756 | D:9      | Reached skill level 7 in Stealth
  9759 | D:9      | Reached ***** piety under Cheibriados
 10162 | D:9      | Noticed Joseph
 10184 | D:9      | Killed Joseph
 10540 | D:8      | Noticed a manticore
 10547 | D:8      | Killed a manticore
 10686 | D:8      | Noticed Gastronok
 10699 | D:8      | Killed Gastronok
 10953 | D:8      | Reached XP level 12. HP: 67/103 MP: 20/22
 11279 | D:8      | Found a runed translucent gate.
 11279 | D:8      | Found a runed translucent gate.
 11279 | D:8      | Found a runed translucent gate.
 11304 | D:8      | Noticed dolemite99's ghost (novice MiCK)
 11449 | D:8      | Killed dolemite99's ghost
 11605 | Lair:1   | Entered Level 1 of the Lair of Beasts
 11959 | Lair:1   | Reached skill level 8 in Stealth
 11961 | Lair:1   | Reached skill level 5 in Armour
 12179 | Lair:1   | Reached skill level 5 in Shields
 12473 | Lair:1   | Reached skill level 9 in Stealth
 12473 | Lair:1   | Gained mutation: You can use your snake-like lower body to
                  | constrict enemies. [Naga growth]
 12473 | Lair:1   | Reached XP level 13. HP: 111/111 MP: 22/24
 12480 | Lair:1   | Learned a level 5 spell: Lightning Bolt
 12486 | Lair:1   | Learned a level 5 spell: Irradiate
 12539 | Lair:2   | Reached ****** piety under Cheibriados
 12800 | Lair:2   | Identified the +4 long sword of Mofo {vorpal, Will+}
 13384 | D:9      | Killed IdlyInterested's ghost
 13853 | Lair:2   | Reached skill level 10 in Stealth
 14488 | Lair:3   | Reached XP level 14. HP: 50/121 MP: 25/25
 15216 | Lair:3   | Reached skill level 5 in Air Magic
 15245 | Lair:3   | Reached skill level 5 in Evocations
 15286 | Lair:3   | Found a staircase to the Shoals.
 15733 | Lair:4   | Found the +11 plutonium sword {Contam Stlth-}
 16408 | Lair:4   | Found a hole to the Spider Nest.
 18542 | Lair:5   | Reached skill level 1 in Transmutations
 18551 | Lair:4   | Reached skill level 1 in Summonings
 18551 | Lair:4   | Reached skill level 1 in Translocations
 19384 | Lair:5   | Noticed Sonja
 19406 | Lair:5   | Killed Sonja
 19672 | Lair:5   | Reached skill level 1 in Long Blades
 20458 | Lair:6   | Entered Level 6 of the Lair of Beasts
 20906 | Lair:6   | Learned a level 5 spell: Manifold Assault
 21433 | Lair:6   | Reached skill level 11 in Stealth
 21446 | Lair:6   | Reached XP level 15. HP: 49/129 MP: 27/27
 22851 | Lair:6   | Reached skill level 5 in Dodging
 24407 | D:10     | Noticed Edmund
 24425 | D:10     | Killed Edmund
 25582 | D:11     | Noticed Erolcha
 25588 | D:11     | Noticed Urug
 25590 | D:11     | Killed Erolcha
 25598 | D:11     | Killed Urug
 25599 | D:11     | Noticed Erica
 25607 | D:11     | Killed Erica
 26937 | D:11     | Found a transporter.
 26937 | D:11     | Noticed Yfesy's ghost (journeyman DsBe)
 26938 | D:11     | Found a transporter.
 27205 | D:11     | Killed Yfesy's ghost
 27374 | D:12     | Found a transporter.
 27663 | D:12     | Found a bloodstained altar of Trog.
 27665 | D:12     | Noticed indyram44's ghost (journeyman DsFi)
 27670 | D:12     | Found a transporter.
 27899 | D:12     | Noticed Psyche
 27905 | D:12     | Killed Psyche
 28103 | D:12     | Noticed Maurice
 28112 | D:12     | Killed Maurice
 28328 | D:12     | Found a staircase to the Orcish Mines.
 28536 | D:12     | Identified the +1 scale mail of the Comet {Harm Int-2 SInv}
 28918 | Orc:1    | Entered Level 1 of the Orcish Mines
 29422 | Orc:1    | You fall into a shaft and drop 1 floor!
 29422 | Orc:2    | Entered Level 2 of the Orcish Mines
 29477 | Orc:2    | Slain by an orc warrior

Illustrated notes

Levels and vault maps discovered:
D:1:      lemuel_arrival_cross, layout_rooms,
          shapermc_ecumenical_altar_mp_ritualfount, minmay_pentomino_t4
D:2:      layout_rooms, minmay_misc_feat_four_crosses
D:3:      layout_loops_cross, elyvilon_altar_3, small_statue_intersection,
          uniq_robin
D:4:      layout_rooms, nicolae_ossuary_entry_giza, serial_park_tiny_pond,
          uniq_blork_the_orc
D:5:      layout_loops_cross, grunt_qazlal_sundering,
          gammafunk_temple_overflow_claw, minmay_temple_entry_stoned_glass,
          gup_sewer_entry_pipe, kennysheep_generic_room_12
D:6:      layout_layer_cave, gammafunk_ghost_grave
D:7:      layout_basic, ebering_ghost_xom, hangedman_decor_diamond_cutter
D:8:      layout_rooms, lemuel_round_altar, gammafunk_ghost_necromancy,
          enter_bailey_8, uniq_gastronok
D:9:      minmay_polygon_palace, layout_rooms, dpeg_lair_monsters,
          gammafunk_ghost_hydra_chop, minmay_st_funbox, lemuel_another_geyser,
          uniq_joseph, uniq_grum
D:10:     erik_cavepeople, layout_basic, xom_teletrap_fun
D:11:     layout_basic, gammafunk_ghost_smash, uniq_urug, uniq_erolcha,
          uniq_erica
D:12:     layout_basic, minmay_orc_entry_temple_small, serial_curves,
          eino_curves_03, eino_curves_04, gammafunk_ghost_wrathful_warriors,
          uniq_psyche, uniq_maurice
Temple:   regret_index_temple_generic_petals
Lair:1:   layout_roguey
Lair:2:   beast_lair_carwin_large_3, layout_misc_corridors,
          grunt_forest_large_clearings
Lair:3:   layout_cellular_growth, minmay_shoals_entry_beasts
Lair:4:   layout_cave_pods, spider_nest_entry_web_field, minmay_lindwurm_lava
Lair:5:   layout_regular_city, minmay_slime_entry_oklob_open,
          nicolae_lair_grove_arrangements, chequers_serial_rivers_large_a,
          serial_bayou_shore_a, grunt_megastairs_2, uniq_sonja
Lair:6:   grunt_lair_end_beastmaster, layout_small_grid
Orc:1:    layout_diamond_mine, portal_ice_cave_rime, guppyfry_library_mini
Orc:2:    grunt_orc_gardens, layout_caves, grunt_orc_garden, grunt_orc_garden,
          grunt_orc_garden, grunt_orc_garden, serial_shops, shop_fountains,
          nicolae_shop_hallway_stairs, nicolae_shop_advertising_works
          [nicolae_subvault_shop_adworks], shop, mines_bat_river

Skill      XL: |  1  2  3  4  5  6  7  8  9 10 11 12 13 14 15 |
---------------+----------------------------------------------+-----
Conjurations   | 1 2 3 4 5 6 7 8 |  8.8
Spellcasting   | 3 4 5 6 7 8 9 |  9.1
Ice Magic      | 5 6 7 8 |  8.6
Dodging        | 2 3 4 5 |  5.9
Staves         | 1 2 3 4 5 6 7 |  7.8
Fighting       | 2 3 4 5 6 7 8 |  8.8
Shields        | 1 2 3 4 5 6 |  6.5
Stealth        | 4 6 7 9 10 11 | 11.5
Armour         | 1 3 4 5 6 7 |  7.4
Invocations    | 1 3 4 5 6 7 8 |  8.9
Air Magic      | 1 2 4 5 |  5.4
Evocations     | 1 2 4 5 |  5.4
Poison Magic   | 2 |  2.0
Transmutations | 1 4 |  4.0
Summonings     | 2 3 |  3.8
Translocations | 2 3 |  3.7
Long Blades    | 1 3 |  3.9

Action                   |  1- 3 |  4- 6 |  7- 9 | 10-12 | 13-15 || total
-------------------------+-------+-------+-------+-------+-------++-------
Melee: Unarmed           |    10 |       |       |       |       ||    10
       Dagger            |       |    21 |       |       |       ||    21
       Quarterstaff      |       |    40 |   116 |   197 |   661 ||  1014
       Constrict         |       |       |       |       |   152 ||   152
 Cast: Freeze            |    42 |     7 |       |     1 |       ||    50
       Frozen Ramparts   |       |    11 |    17 |    42 |    60 ||   130
       Ozocubu's Armour  |       |     6 |    15 |    33 |    62 ||   116
       Hailstorm         |       |       |       |     5 |       ||     5
       Lightning Bolt    |       |       |       |       |    19 ||    19
       Irradiate         |       |       |       |       |    27 ||    27
 Abil: Spit Poison       |    34 |     1 |     1 |       |       ||    36
  Use: Potion            |       |     1 |       |     2 |     5 ||     8
       Scroll            |       |     8 |     3 |     2 |    10 ||    23
 Stab: Sleeping          |       |     1 |     8 |       |    13 ||    22
       Distracted        |       |       |     1 |       |     1 ||     2
       Invisible         |       |       |       |       |     4 ||     4
       Petrified         |       |       |       |       |     1 ||     1
Armor: Robe              |    12 |    30 |    42 |       |       ||    84
       Leather armour    |       |       |    61 |   194 |   624 ||   879
Dodge: Dodged            |    31 |    43 |    94 |   171 |   628 ||   967

Table legend: (Time is in decaauts)
 A = Elapsed time spent in this place.
 B = Non-inter-level travel time spent in this place.
 C = Inter-level travel time spent in this place.
 D = Time resting spent in this place.
 E = Time spent auto-exploring this place.
 F = Levels seen in this place.
 G = Mean time per level.
                   A        B        C        D        E       F      G
               +--------+--------+--------+--------+--------+-----+--------+
         Total |  49248 |  43806 |   5442 |   5850 |  31660 |  22 | 2238.5 |
       Dungeon |  26668 |  22980 |   3688 |   2055 |  17523 |  12 | 2222.3 |
        Temple |    628 |    566 |     62 |      0 |    366 |   1 |  628.0 |
          Lair |  20537 |  18846 |   1691 |   3795 |  12857 |   6 | 3422.8 |
  Orcish Mines |    907 |    907 |      0 |      0 |    628 |   2 |  453.5 |
       Ossuary |    506 |    506 |      0 |      0 |    285 |   1 |  506.0 |
               +--------+--------+--------+--------+--------+-----+--------+

Top non-repeatable levels by time:
  Lair:6: 5434 daAuts
  Lair:4: 4940 daAuts
     D:9: 4464 daAuts
    D:11: 3518 daAuts
    D:10: 3291 daAuts
  Lair:5: 3026 daAuts
     D:6: 2654 daAuts
  Lair:2: 2651 daAuts
    D:12: 2621 daAuts
     D:7: 2482 daAuts
  Lair:3: 2265 daAuts
  Lair:1: 2218 daAuts
     D:8: 1985 daAuts
     D:5: 1518 daAuts
     D:1: 1391 daAuts
